 Dungeon Crawl Stone Soup version 0.31-a0-986-g5e6e4ef867 (webtiles) character file.

Game seed: 15368074399010483674

679 timneilson the Ruffian (level 7, 0/69 HPs)
             Began as an Octopode Shapeshifter on Nov 11, 2023.
             Slain by a gnoll
             ... wielding a +0 halberd
             ... led by a gnoll bouda
              (8 damage)
             ... on level 6 of the Dungeon.
             The game lasted 00:08:35 (4515 turns).

timneilson the Ruffian (Octopode Shapeshifter)      Turns: 4515, Time: 00:08:35

Health: 0/69       AC: 27    Str: 15    XL:     7   Next: 60%
Magic:  9/9        EV:  2    Int: 12    God:
Gold:   1331       SH:  0    Dex: 12    Spells: 9/9 levels left

rFire   . .          .
                       - Unarmed
rCold   . . .        (no shield)
rNeg    . . .        (helmet currently unavailable)
rPois   +            (no amulet)
rElec   .            k - ring of resist corrosion
rCorr   +            f - +4 ring of protection
SInv    .            (no ring)
Will    .....        (no ring)
Stlth   ++           (no ring)
HPRegen 0.31/turn    (no ring)
MPRegen 0.11/turn    (no ring)
                     (no ring)

%: no passive effects
@: lethally poisoned (0 -> -14), tree-form
A: stationary, stasis, torment immunity, boosted hp, almost no armour,
(amphibious), 8 rings, (camouflage 1), (gelatinous body 1), (nimble swimmer 1),
(tentacles)
a: no special abilities


You were on level 6 of the Dungeon.
You were a tree.
You visited 1 branch of the dungeon, and saw 6 of its levels.

You collected 1331 gold pieces.

Inventory:

Jewellery
 f - a +4 ring of protection (right branch)
 k - a ring of resist corrosion (left branch)
Talismans
 b - a beast talisman
 c - a flux talisman
Wands
 o - a wand of acid (8)
Scrolls
 d - 2 scrolls of identify
 g - 2 scrolls of immolation
 h - a scroll of blinking
 i - a scroll of enchant armour
 j - 4 scrolls of teleportation
 m - a scroll of amnesia {unknown}
 n - a scroll of poison
Potions
 e - a potion of might
 l - a potion of resistance


   Skills:
 * Level 3.6 Fighting
 * Level 4.1 Dodging
 + Level 3.2 Stealth
 * Level 4.5 Unarmed Combat
 + Level 1.8 Spellcasting
 + Level 0.3 Evocations
 * Level 4.4 Shapeshifting


You had 9 spell levels left.
You didn't know any spells.
Your spell library contained the following spells:

 Spells                   Type           Power      Damage    Failure   Level
 Sandblast                Erth           2%         2d4       28%         1
 Lesser Beckoning         Tloc           2%         N/A       38%         2
 Passwall                 Tmut/Erth      0%         N/A       38%         2
 Static Discharge         Conj/Air       2%         3-4/arc   38%         2
 Gell's Gravitas          Tloc           1%         N/A       63%         3
 Stone Arrow              Conj/Erth      2%         3d7       63%         3
 Teleport Other           Tloc           1%         N/A       63%         3
 Tukima's Dance           Hex            1%         N/A       63%         3
 Airstrike                Air            0%         2d(1-17)  95%         4
 Brom's Barrelling Bould  Conj/Erth      1%         2d3       95%         4
 Dimensional Bullseye     Hex/Tloc       0%         N/A       95%         4
 Iskenderun's Mystic Bla  Conj/Tloc      1%         2d3       95%         4
 Manifold Assault         Tloc           1%         N/A       95%         4
 Summon Lightning Spire   Summ/Air       1%         N/A       95%         4
 Dispersal                Tloc           0%         N/A       100%        6
 Disjunction              Tloc           0%         N/A       100%        8


Dungeon Overview and Level Annotations

Branches:
Dungeon (6/15)
 Temple: D:4-7

Altars:
Hepliaklqana

Shops:
D:5 (


Innate Abilities, Weirdness & Mutations

You are a tree.
Your roots penetrate the ground, keeping you stationary.
You cannot be teleported.
You are immune to unholy pain and torment.
Your maximum health is greatly increased.
You cannot wear most types of armour.
((You are amphibious.))
You can wear up to eight rings at the same time.
((Your skin changes colour to match your surroundings (Stealth+).))
((Your rubbery body absorbs attacks. (AC +1, EV +1)))
((You are camouflaged when in or above water. (Stealth+)))
((You have tentacles for arms and can constrict up to eight enemies at once.))


Message History

You kill the gnoll!
The gnoll bouda closely misses you.
Things that are here:
a +0 spear; a gnoll corpse You closely miss the gnoll bouda.
Your grab misses the gnoll bouda. The gnoll bouda misses you.
The iguana bites you.
You tentacle-slap the gnoll bouda. Your grab misses the gnoll bouda.
The gnoll bouda is moderately wounded.
The gnoll bouda hits you with a +0 whip.
The iguana barely misses you.
The gnoll hits you from afar with a +3 trident of venom.
You are poisoned.
You tentacle-slap the gnoll bouda. Your grab misses the gnoll bouda.
The gnoll bouda is heavily wounded.
You feel sick.
The gnoll hits you from afar with a +0 halberd.
The gnoll barely misses you.
The gnoll bouda hits you with a +0 whip.
The gnoll hits you from afar with a +3 trident of venom!
* * * LOW HITPOINT WARNING * * *
You are lethally poisoned!
The iguana completely misses you.
You tentacle-slap the gnoll bouda but do no damage.
You grab the gnoll bouda. You squeeze the gnoll bouda.
The gnoll bouda is severely wounded.
You constrict the gnoll bouda.
* * * LOW HITPOINT WARNING * * *
You feel very sick. The gnoll misses you.
Your transformation has ended.
You turn into a tree.
Your roots penetrate the ground.
You lose your grip on the gnoll bouda.
* * * LOW HITPOINT WARNING * * *
You feel very sick.
The gnoll bouda hits you but does no damage.
The gnoll hits you but does no damage.
The iguana bites you but does no damage.
The gnoll hits you but does no damage.
The gnoll hits you from afar with a +0 halberd!
You die...

...........###.......##
.......##..##.........##
......##...............#
..........##.#...).....#
.....(##............##.#
..... ##..............#
..... #..........##.g...
.....####........g.# .....
...#..#.#.......♣###......
................glgh......
...#..............g.......
..##.....................
............##...........
..#........##!...........
###......†.###...........
...........# #...........
...........##........>...


You could see a gnoll bouda, an iguana, a hound and 3 gnolls.

Vanquished Creatures
  A black bear (D:4)
  2 phantoms
  A scorpion (D:6)
  A jelly (D:5)
  A gnoll bouda (D:6)
  A hound (D:5)
  An iguana (D:6)
  2 orc wizards
  3 adders
  8 gnolls
  3 worms
  2 dart slugs (D:3)
  13 orcs
  8 ball pythons
  5 bats
  9 endoplasms
  3 giant cockroaches
  5 goblins
  9 hobgoblins
  2 jackals (D:2)
  6 quokkas
  8 frilled lizards
  10 kobolds
  8 rats
112 creatures vanquished.

Notes
Turn   | Place    | Note
-------+----------+-------------------------------------------
     0 | D:1      | timneilson the Octopode Shapeshifter began the quest for
                  | the Orb.
     0 | D:1      | Reached XP level 1. HP: 13/13 MP: 1/1
    85 | D:1      | Reached XP level 2. HP: 9/18 MP: 2/2
   470 | D:1      | Reached XP level 3. HP: 23/23 MP: 3/3
   991 | D:2      | Reached skill level 1 in Stealth
  1279 | D:2      | Reached XP level 4. HP: 26/29 MP: 4/4
  1511 | D:2      | Identified the +7 hand axe "Pang" {flame, MP+9 SInv}
  2178 | D:3      | Found a faded altar of an unknown god.
  2212 | D:3      | Reached XP level 5. HP: 34/34 MP: 6/6
  2284 | D:3      | Found a hazy altar of Hepliaklqana.
  2507 | D:4      | Noticed a black bear
  2514 | D:4      | Killed a black bear
  2515 | D:4      | Reached skill level 1 in Spellcasting
  2689 | D:4      | Noticed a phantom
  2704 | D:4      | Killed a phantom
  2705 | D:4      | Reached XP level 6. HP: 34/41 MP: 7/7
  3372 | D:5      | Entered Level 5 of the Dungeon
  3614 | D:5      | Reached XP level 7. HP: 41/46 MP: 9/9
  3630 | D:5      | Found Vounayhi's Antique Weapon Emporium.
  3812 | D:5      | Identified the +9 short sword "Wuugo" {holy, rF+ rN+}
  4333 | D:5      | Identified a scroll of acquirement
  4333 | D:5      | Acquired 1034 gold pieces
  4515 | D:6      | Slain by a gnoll

Illustrated notes

Levels and vault maps discovered:
D:1:      minmay_arrival_diagonal_passages, layout_basic
D:2:      layout_loops_corners
D:3:      layout_rooms, nicolae_hepliaklqana_hippocampus,
          hellmonk_ecumenical_altar_blasted
D:4:      layout_loops_ring, chequers_arboretum, chequers_mini_garden,
          moated_statue, minmay_misc_feat_columns
D:5:      layout_gridville, serial_shops, nicolae_shop_behind_doors
D:6:      layout_cave_pools, minmay_temple_entry_gardened_gates,
          nicolae_elemental_shop

Skill      XL: |  1  2  3  4  5  6  7 |
---------------+----------------------+-----
Stealth        | 1 2 3 |  3.2
Fighting       | 2 3 |  3.6
Dodging        | 3 4 |  4.1
Spellcasting   | 1 |  1.8
Unarmed Combat | 4 |  4.5
Shapeshifting  | 4 |  4.4
Evocations     | |  0.3

Action                     |  1- 3 |  4- 6 |  7- 9 || total
---------------------------+-------+-------+-------++-------
  Melee: Unarmed           |    80 |   110 |    45 ||   235
         Tentacles         |    17 |    30 |    12 ||    59
         Constrict         |    19 |    20 |    14 ||    53
         Punch             |     3 |     2 |     4 ||     9
    Use: Scroll            |     3 |     6 |     3 ||    12
         Potion            |       |       |     1 ||     1
   Stab: Sleeping          |     6 |    12 |     4 ||    22
         Distracted        |       |       |     1 ||     1
 Armour: Skin              |    33 |    39 |    29 ||   101
  Dodge: Dodged            |    41 |    62 |    20 ||   123

Table legend: (Time is in decaauts)
 A = Elapsed time spent in this place.
 B = Non-inter-level travel time spent in this place.
 C = Inter-level travel time spent in this place.
 D = Time resting spent in this place.
 E = Time spent auto-exploring this place.
 F = Levels seen in this place.
 G = Mean time per level.
                   A        B        C        D        E       F      G
               +--------+--------+--------+--------+--------+-----+--------+
         Total |   4497 |   4372 |    125 |    353 |   3126 |   6 |  749.5 |
       Dungeon |   4497 |   4372 |    125 |    353 |   3126 |   6 |  749.5 |
               +--------+--------+--------+--------+--------+-----+--------+

Top non-repeatable levels by time:
     D:1: 975 daAuts
     D:2: 965 daAuts
     D:5: 932 daAuts
     D:4: 847 daAuts
     D:3: 619 daAuts
     D:6: 156 daAuts
